 Dungeon Crawl Stone Soup version 0.26-a0-1012-gedcf9b2963 (webtiles) character file.

Game seed: 11225372685418148794

57 DerHolg the Vandal (level 4, 0/30 HPs)
             Began as a Halfling Hunter on Dec 7, 2020.
             Succumbed to an adder's poison
             ... on level 2 of the Dungeon.
             The game lasted 00:10:35 (1372 turns).

DerHolg the Vandal (Halfling Hunter)                Turns: 1372, Time: 00:10:36

Health: 0/30       AC:  5    Str: 13    XL:     4   Next: 18%
Magic:  4/4        EV: 14    Int:  9    God:
Gold:   89         SH:  0    Dex: 15    Spells: 3/3 levels left

rFire    . . .     SeeInvis .   b - +0 short sword
rCold    . . .     Faith    .   (shield restricted)
rNeg     . . .     Spirit   .   i - +0 ring mail
rPois    .         Reflect  .   (no helmet)
rElec    .         Harm     .   (no cloak)
rCorr    .         Rampage  .   (no gloves)
Will     +....                  (no boots)
Stlth    +.........             (no amulet)
HPRegen  0.10/turn              c - ring of willpower
MPRegen  0.09/turn              (no ring)

@: mighty, lethally poisoned (0 -> -6), berserk cooldown, flying, slowed,
lightly drained, very slow
A: small, mutation resistance 1
a: no special abilities


You were on level 2 of the Dungeon.
You visited 1 branch of the dungeon, and saw 2 of its levels.

You collected 89 gold pieces.

Inventory:

Hand Weapons
 a - a +1 hunting sling
 b - a +0 short sword (weapon)
 k - a +1 short sword of draining
Missiles
 d - 20 sling bullets
 e - 26 stones (quivered)
Armour
 i - a +0 ring mail (worn)
Jewellery
 c - a ring of willpower (left hand)
Scrolls
 f - 3 scrolls of identify {unknown}
Potions
 j - a potion of flight


   Skills:
 * Level 2.5(2.4) Fighting
 + Level 1.3 Short Blades
 + Level 6.1(6.0) Slings
 + Level 1.1 Armour
 + Level 2.7 Dodging
 + Level 1.7(1.6) Stealth


You had 3 spell levels left.
You didn't know any spells.
Your spell library was empty.

Dungeon Overview and Level Annotations

Branches:
Dungeon (2/15)

Altars:
Cheibriados


Innate Abilities, Weirdness & Mutations

You are small and have problems with some larger weapons.
You are somewhat resistant to further mutation.


Message History

You feel very buoyant.
You fly up into the air.
* * * LOW HITPOINT WARNING * * *
You feel sick.
It was a potion of might.
You feel very mighty all of a sudden.
* * * LOW HITPOINT WARNING * * *
You feel sick.
It was a potion of berserk rage.
A red film seems to cover your vision as you go berserk!
You feel yourself moving faster!
You feel mighty!
There is a lethal amount of poison in your body!
You feel a strong urge to attack something.
* * * LOW HITPOINT WARNING * * *
You feel sick.
You feel your anger nearly subside.
You are no longer berserk.
You are exhausted.
You feel yourself slow down.
You die...

♣≈≈≈≈≈≈.≈P≈≈≈≈≈≈♣≈≈
...≈≈P(≈≈≈≈.≈≈≈♣♣♣≈##
≈ ..≈≈≈P≈≈≈≈≈.≈≈♣♣ ##
..♣♣≈≈≈≈≈≈≈.≈≈♣ .
♣≈P≈≈≈≈≈.≈≈♣♣
♣♣♣≈≈≈≈≈.P≈≈♣
♣≈≈PP≈.≈≈≈♣♣♣♣
♣♣≈≈≈≈.≈≈≈≈(≈♣
♣≈≈≈≈@≈≈≈≈≈≈♣
..≈♣≈≈≈.≈≈≈P≈≈≈
...♣≈≈≈(≈≈≈≈≈≈≈
....♣P≈?≈≈≈≈≈≈≈
.....≈♣.♣≈≈≈≈≈≈
.......(.♣≈♣≈≈#
....>.... ..###
...##.$.. ..# ...
..... .#


There were no monsters in sight!

Vanquished Creatures
  2 adders (D:2)
  2 worms (D:2)
  A dart slug (D:1)
  2 leopard geckos
  3 giant cockroaches
  5 goblins
  7 kobolds
  A quokka (D:2)
  3 bats (D:1)
  3 frilled lizards
  4 rats
33 creatures vanquished.

Vanquished Creatures (others)
  6 plants (D:2)
6 creatures vanquished.

Grand Total: 39 creatures vanquished

Notes
Turn   | Place    | Note
-------+----------+-------------------------------------------
     0 | D:1      | DerHolg the Halfling Hunter began the quest for the Orb.
     0 | D:1      | Reached XP level 1. HP: 14/14 MP: 1/1
   197 | D:1      | Reached XP level 2. HP: 19/19 MP: 2/2
  1009 | D:1      | Reached skill level 1 in Short Blades
  1009 | D:1      | Reached XP level 3. HP: 24/24 MP: 3/3
  1122 | D:2      | Found a snail-covered altar of Cheibriados.
  1177 | D:2      | Reached skill level 1 in Armour
  1183 | D:2      | Reached skill level 6 in Slings
  1337 | D:2      | Reached XP level 4. HP: 30/30 MP: 4/4
  1367 | D:2      | HP: 1/30 [poisoned by an adder]
  1372 | D:2      | Succumbed to an adder's poison

Illustrated notes

Levels and vault maps discovered:
D:1:      minmay_arrival_cross, layout_basic
D:2:      layout_basic, marbit_many_paths, lemuel_round_altar,
          gammafunk_temple_overflow_pools, serial_bayou, serial_bayou_pond_e,
          serial_bayou_shore_b, serial_bayou_lagoon_b, serial_bayou_shore_b,
          chequers_ecumenical_altar_simple

Skill      XL: |  1  2  3 |
---------------+----------+-----
Fighting       | 2 |  2.5
Short Blades   | 1 |  1.3
Armour         | 1 |  1.1
Slings         | 6 |  6.1
Dodging        | |  2.7
Stealth        | |  1.7

Action                   |  1- 3 |  4- 6 || total
-------------------------+-------+-------++-------
Melee: Short sword       |    20 |    13 ||    33
 Fire: Hunting sling     |    78 |     2 ||    80
  Use: Potion            |       |     3 ||     3
Armor: Leather armour    |     1 |       ||     1
       Ring mail         |     7 |     1 ||     8
Dodge: Dodged            |    14 |    11 ||    25

Table legend: (Time is in decaauts)
 A = Elapsed time spent in this place.
 B = Non-inter-level travel time spent in this place.
 C = Inter-level travel time spent in this place.
 D = Time resting spent in this place.
 E = Time spent auto-exploring this place.
 F = Levels seen in this place.
 G = Mean time per level.
                   A        B        C        D        E       F      G
               +--------+--------+--------+--------+--------+-----+--------+
         Total |   1363 |   1346 |     17 |    113 |    996 |   2 |  681.5 |
       Dungeon |   1363 |   1346 |     17 |    113 |    996 |   2 |  681.5 |
               +--------+--------+--------+--------+--------+-----+--------+

Top non-repeatable levels by time:
     D:1: 1022 daAuts
     D:2: 340 daAuts
